 Dungeon Crawl Stone Soup version 0.16-a0-3606-g1520cdc (webtiles) character file.

185 PolkaDot the Insei (level 5, -11/46 HPs)
             Began as a Draconian Monk on Jan 13, 2015.
             Was an Initiate of Gozag.
             Mangled by an ice beast (13 damage)
             ... on level 5 of the Dungeon.
             The game lasted 00:06:26 (3610 turns).

PolkaDot the Insei (Draconian Monk)                 Turns: 3610, Time: 00:06:26

Health: -11/46     AC:  5    Str: 13    XL:     5   Next: 37%
Magic:  5/5        EV: 13    Int: 12    God:    Gozag
Gold:   599        SH:  0    Dex: 13    Spells: 0 memorised, 4 levels left

rFire  . . .     SeeInvis .       - Unarmed
rCold  . . .     Clarity  +     (armour unavailable)
rNeg   + . .     SustAb   .     (no shield)
rPois  .         Gourm    .     (helmet restricted)
rElec  .         Spirit   .     (no cloak)
rCorr  .         Warding  .     (no gloves)
rMut   .         Stasis   .     (no boots)
MR     .....                    s - amulet of clarity
Stlth  ++........               (no ring)
                                a - ring of positive energy

@: slowed, very slow, not resistant to hostile enchantments, unstealthy
A: unfitting armour, cold-blooded, AC +5
a: Potion Petition, Call Merchant, Bribe Branch, Renounce Religion


You were on level 5 of the Dungeon.
You worshipped Gozag.
Gozag was noncommittal.
You were very hungry.

You visited 1 branch of the dungeon, and saw 5 of its levels.

You collected 599 gold pieces.

Inventory:

Jewellery
 a - a ring of positive energy (left hand)
 l - an uncursed amulet of resist mutation
 s - an amulet of clarity (around neck)
Magical devices
 k - a wand of confusion (26)
Scrolls
 c - 2 scrolls of teleportation {unknown}
 d - 3 scrolls of amnesia {unknown}
 e - 2 scrolls of identify {unknown}
 g - 2 scrolls of magic mapping {unknown}
 m - a scroll of remove curse {unknown}
Potions
 h - a potion of mutation {unknown}
 j - 3 potions of heal wounds {unknown}
 n - a potion of brilliance {unknown}
 o - a potion of invisibility {unknown}
 p - a potion of might {unknown}
Comestibles
 b - 2 bread rations
 f - 3 beef jerkies
 i - 2 royal jellies
 q - 2 meat rations


   Skills:
 + Level 4.1 Fighting
 + Level 3.5 Dodging
 - Level 1.7 Stealth
 * Level 5.8 Unarmed Combat


You had 4 spell levels left.
You didn't know any spells.

Dungeon Overview and Level Annotations

Branches:
Dungeon (5/15)
 Temple: D:4-7

Altars:
Dithmenos
Fedhas
Gozag
Kikubaaqudgha
Makhleb
Ru
The Shining One

Shops:
D:4 (


Innate Abilities, Weirdness & Mutations

Your plain brown scales are hard (AC +5).
Your body does not fit into most forms of armour.
Your cold-blooded metabolism reacts poorly to cold.


Message History

You barely miss the ice beast.
Your tail-slap misses the ice beast.
The ice beast is moderately wounded.
The ice beast hits you.
* * * LOW HITPOINT WARNING * * *
The ice beast freezes you!
You feel yourself slow down.
* * * LOW HITPOINT WARNING * * *
You barely miss the ice beast.
The ice beast is moderately wounded.
The ice beast hits you.
* * * LOW HITPOINT WARNING * * *
The ice beast freezes you!
* * * LOW HITPOINT WARNING * * *
You punch the ice beast!
The ice beast is heavily wounded.
You feel yourself speed up. The ice beast barely misses you.
The ice beast hits you.
* * * LOW HITPOINT WARNING * * *
The ice beast freezes you!
You feel yourself slow down.
You die...
Your body crumbles into a pile of gold.

####### ##.#.#......# ####.....#
#....#......# #.....##.#
#..(........#
########.....##.###...........#
#......#.....##...#...........# #
#......#.....'..........#......
..#......#.....##...##....###.###
#.#......#.....##.#####.......#
[....$........sY@............##
###?.....####.###^....##..#.##
.........# #...####.###..#.#
#....##### #.#..# ### #..#.#
#....# ..##..# #..#.. #.#### :.#
... $ ...#.# .. #..# .# .#..#.#
## ##.# $ #..### #.# #..#


You could see an ice beast and a scorpion.

Vanquished Creatures
  A giant frog skeleton (D:5)
  Robin (D:4)
  A gnoll (D:1)
  2 giant mites (D:1)
  4 worms
  A giant gecko (D:1)
  2 oozes
  2 giant cockroaches
  20 goblins
  12 hobgoblins
  2 quokkas
  11 bats
  5 giant newts
  7 jackals
  14 kobolds
  17 rats
102 creatures vanquished.

Notes
Turn   | Place    | Note
--------------------------------------------------------------
     0 | D:1      | PolkaDot, the Draconian Monk, began the quest for the Orb.
     0 | D:1      | Reached XP level 1. HP: 19/19 MP: 1/1
   105 | D:1      | Reached XP level 2. HP: 16/26 MP: 2/2
   529 | D:1      | Reached XP level 3. HP: 31/31 MP: 3/3
  1020 | D:2      | Found an ancient bone altar of Kikubaaqudgha.
  1023 | D:2      | Found an opulent altar of Gozag.
  1026 | D:2      | Found a blossoming altar of Fedhas.
  1029 | D:2      | Found a glowing golden altar of the Shining One.
  1035 | D:2      | Became a worshipper of Gozag Ym Sagoz the Greedy
  1347 | D:2      | Reached skill level 5 in Unarmed Combat
  1347 | D:2      | Reached XP level 4. HP: 27/40 MP: 4/4
  1542 | D:2      | Found a sacrificial altar of Ru.
  1919 | D:3      | Found a burning altar of Makhleb.
  1919 | D:3      | Noticed a cacodemon
  3019 | D:4      | Noticed Robin
  3056 | D:4      | Reached XP level 5. HP: 20/46 MP: 5/5
  3064 | D:4      | Killed Robin
  3374 | D:4      | Found Onwism's Antique Weapon Emporium.
  3406 | D:5      | Entered Level 5 of the Dungeon
  3406 | D:5      | Found a shadowy altar of Dithmenos.
  3579 | D:5      | Noticed an ice beast
  3610 | D:5      | HP: 2/46 [ice beast (2)]
  3610 | D:5      | Mangled by an ice beast

Action                   |  1- 3 |  4- 6 || total
-------------------------+-------+-------++-------
Melee: Unarmed           |   131 |   177 ||   308
 Stab: Sleeping          |     1 |     3 ||     4
       Distracted        |       |     1 ||     1
  Eat: Chunk             |     1 |       ||     1
       Meat ration       |       |     1 ||     1
       Pizza             |       |     1 ||     1
